 Dungeon Crawl Stone Soup version 0.18.1-48-g4cf74bf (webtiles) character file.

1001 lawna the Ducker (level 8, -2/117 HPs)
             Began as a Troll Berserker on Sept 5, 2016.
             Was a Priest of Trog.
             Slain by a sky beast (3 damage)
             ... on level 5 of the Dungeon on Sept 7, 2016.
             The game lasted 00:31:01 (5470 turns).

lawna the Ducker (Troll Berserker)                  Turns: 5470, Time: 00:31:01

Health: -2/117     AC: 24    Str: 27    XL:     8   Next: 0%
Magic:  7/7        EV:  1    Int:  3    God:    Trog [***...]
Gold:   292        SH:  0    Dex: 12    Spells: 0 memorised, 7 levels left

rFire  . . .     SeeInvis .       - Unarmed
rCold  . . .     Gourm    +     (armour currently unavailable)
rNeg   + + +     Faith    .     (no shield)
rPois  +         Spirit   .     (helmet currently unavailable)
rElec  .         Dismiss  .     (cloak currently unavailable)
rCorr  .         Reflect  .     (gloves unavailable)
SustAt .         Harm     .     (boots unavailable)
MR     +....     NoTele   +     (no amulet)
Stlth  +.........               r - +2 ring of dexterity
                                e - ring of protection from magic

@: tree-form, somewhat resistant to hostile enchantments, very unstealthy
A: unfitting armour, (claws 0), fast metabolism 3, gourmand, regeneration 2,
(shaggy fur 0), (tough skin 0)
a: Berserk, Trog's Hand, Burn Spellbooks, Renounce Religion


You were on level 5 of the Dungeon.
You worshipped Trog.
Trog was most pleased with you.
You were not hungry.
You were a tree.
You visited 1 branch of the dungeon, and saw 6 of its levels.

You collected 292 gold pieces.

Inventory:

Hand Weapons
 d - a +0 club
 u - a +0 battleaxe
Armour
 a - a +0 animal skin
 n - a +0 robe
 t - a +0 cloak (melded)
 v - a +0 robe
 w - a cursed +0 robe (melded)
Jewellery
 c - an uncursed ring of protection from fire
 e - a ring of protection from magic (left branch)
 r - a +2 ring of dexterity (right branch)
Wands
 x - a wand of flame (24/48)
Scrolls
 h - 2 scrolls of teleportation
 k - a scroll of fog
 l - a scroll of identify
 o - 3 scrolls of remove curse
 p - 2 scrolls of magic mapping
 q - a scroll of enchant armour {unknown}
Potions
 f - a potion of ambrosia
 i - a potion of invisibility
 m - 2 potions of lignification
 s - a potion of berserk rage
Books
 g - a book of Envenomations

   Spells                             Type                      Level
   a - Spider Form                    Transmutation/Poison         3
   b - Olgreb's Toxic Radiance        Poison                       4
   c - Alistair's Intoxication        Transmutation/Poison         5
   d - Poisonous Cloud                Conjuration/Poison/Air       6
   Trog disapproves of the use of such an item.
Comestibles
 b - 5 bread rations


   Skills:
 + Level 4.2 Fighting
 + Level 6.0 Dodging
 + Level 5.8 Unarmed Combat


You had 7 spell levels left.
You didn't know any spells.

Dungeon Overview and Level Annotations

Branches:
Dungeon (6/15)             Temple (0/1) D:5

Altars:
Cheibriados
Fedhas
Gozag
Makhleb
Nemelex Xobeh
Okawaru
Qazlal
The Shining One

Shops:
D:5 }

Annotations:
D:6 Pikel


Innate Abilities, Weirdness & Mutations

You are too large for most types of armour.
((You have claws for hands.))
Your metabolism is lightning-fast.
You like to eat raw meat.
You heal very quickly.
((You are covered in fur (AC +1).))
((You have very tough skin (AC +2).))


Message History

The sky beast hits you but does no damage.
The scorpion stings you but does no damage.
You cannot move.
You smack the scorpion!
You kill the scorpion!
Trog accepts your kill.
Your Dodging skill increases to level 6!
You have reached level 8!
You feel your intelligence returning.
The sky beast hits you but does no damage.
You closely miss the sky beast.
The sky beast hits you but does no damage.
You miss the sky beast. The sky beast hits you.
* * * LOW HITPOINT WARNING * * *
The sky beast shocks you.
* * * LOW HITPOINT WARNING * * *
You pummel the sky beast!!
The sky beast is almost dead.
The sky beast hits you.
You die...

######## #†♣)...#
######## #Y####.#
#......########.# #.#
#.##..........#.####.#
#.##.#..#####........#
#.##.#...## ###.###..#
..........# #.###..#
#.####...## #......#
#.####..## #####.##


You could see a sky beast.

Vanquished Creatures
  Eustachio (D:5)
  A sky beast (D:4)
  An ogre (D:6)
  2 centaurs (D:5)
  Blork the orc (D:5)
  A scorpion (D:5)
  A crimson imp (D:5)
  2 orc priests (D:4)
  A jelly (D:4)
  An iguana (D:4)
  An orc wizard (D:5)
  A giant frog skeleton (D:4)
  A worker ant (D:4)
  5 adders
  2 oozes (D:3)
  2 adder skeletons (D:4)
  5 worms
  3 dart slugs
  2 giant geckos
  7 orcs
  6 bats
  3 giant cockroaches
  6 goblins
  11 hobgoblins
  17 jackals
  A giant cockroach zombie (D:5)
  3 giant newts
  2 jackal skeletons
  6 kobolds
  6 rats
102 creatures vanquished.

Notes
Turn   | Place    | Note
--------------------------------------------------------------
     0 | D:1      | lawna the Troll Berserker began the quest for the Orb.
     0 | D:1      | Reached XP level 1. HP: 22/22 MP: 0/0
   103 | D:1      | Reached XP level 2. HP: 28/29 MP: 1/1
   522 | D:1      | Reached ** piety under Trog
   592 | D:1      | Reached XP level 3. HP: 36/36 MP: 2/2
  1186 | D:2      | Reached skill level 3 in Dodging
  1534 | D:2      | Reached XP level 4. HP: 45/45 MP: 3/3
  1576 | D:2      | Found a snail-covered altar of Cheibriados.
  1577 | D:2      | Found an iron altar of Okawaru.
  2625 | D:3      | Found a sparkling altar of Nemelex Xobeh.
  2673 | D:3      | Reached XP level 5. HP: 53/53 MP: 4/4
  3394 | D:4      | Found a blossoming altar of Fedhas.
  3400 | D:4      | Found a stormy altar of Qazlal.
  3461 | D:4      | Reached skill level 4 in Dodging
  3582 | D:4      | Found an opulent altar of Gozag.
  3602 | D:4      | Noticed a sky beast
  3613 | D:4      | Killed a sky beast
  3613 | D:4      | Reached XP level 6. HP: 61/61 MP: 5/5
  3677 | D:4      | Reached *** piety under Trog
  3944 | D:4      | Reached skill level 5 in Unarmed Combat
  4261 | D:5      | Entered Level 5 of the Dungeon
  4315 | D:5      | Found a burning altar of Makhleb.
  4391 | D:5      | Lost intelligence.
  4647 | D:5      | Found a glowing golden altar of the Shining One.
  4776 | D:5      | Found a staircase to the Ecumenical Temple.
  4778 | D:5      | Noticed Blork the orc
  4790 | D:5      | Killed Blork the orc
  4790 | D:5      | Reached XP level 7. HP: 54/68 MP: 6/6
  4858 | D:5      | Noticed Eustachio
  4872 | D:5      | Killed Eustachio
  4872 | D:5      | Reached skill level 5 in Dodging
  5043 | D:5      | Found Osibi's Gadget Shop.
  5251 | D:6      | Noticed Pikel
  5463 | D:5      | HP: 3/70 [centaur (5)]
  5467 | D:5      | Reached skill level 6 in Dodging
  5467 | D:5      | Reached XP level 8. HP: 7/78 MP: 7/7
  5469 | D:5      | HP: 1/117 [sky beast (5)]
  5470 | D:5      | Slain by a sky beast

Skill      XL: |  1  2  3  4  5  6  7 |
---------------+----------------------+-----
Fighting       | 3 4 |  4.2
Dodging        | 3 4 6 |  6.0
Unarmed Combat | 4 5 |  5.8

Action                   |  1- 3 |  4- 6 |  7- 9 || total
-------------------------+-------+-------+-------++-------
Melee: Unarmed           |   100 |   181 |    21 ||   302
       Punch             |       |     2 |       ||     2
       Battleaxe         |       |       |     2 ||     2
Invok: Berserk           |     2 |     4 |     2 ||     8
       Trog's Hand       |       |     5 |     1 ||     6
  Use: Scroll            |     6 |     4 |     1 ||    11
       Potion            |     1 |     5 |     2 ||     8
  Eat: Chunk             |    18 |    21 |     3 ||    42
       Beef jerky        |       |     3 |       ||     3
       Fruit             |       |     2 |       ||     2
       Bread ration      |       |     2 |     1 ||     3
Armor: Animal skin       |    37 |    57 |       ||    94
       Robe              |       |     6 |     6 ||    12
       Skin              |       |       |     9 ||     9
Dodge: Dodged            |    52 |    92 |    25 ||   169
